BLB
BALTIMORE BULLDOGS @ PHILADELPHIA FREEDOM
06/16/2060
 
TOP OF THE 1ST
Baltimore Bulldogs batting - Pitching for Philadelphia Freedom : RHP Tucker Key
Pitching: RHP Tucker Key
Batting: LHB Andy Wulfeck 0-0: Called Strike
0-1: Foul Ball, location: 2F
0-2: Foul Ball, location: 2F
0-2: Strikes out swinging
Batting: RHB Joseph Olsen 0-0: Ball
1-0: Ball
2-0: Fly out, F6 (Popup, 6MS, EV 65.0 MPH)
Batting: LHB Grady Faulkner 0-0: Reached on error, E9 (Flyball, 89M, EV 86.9 MPH)
Batting: SHB Val Schmit 0-0: Ball
1-0: Fly out, F6 (Popup, 6, EV 46.2 MPH)
Top of the 1st over - 0 runs, 0 hits, 1 error, 1 left on base; Baltimore 0 - Philadelphia 0
BOTTOM OF THE 1ST
Philadelphia Freedom batting - Pitching for Baltimore Bulldogs : LHP Jannero Peter
Pitching: LHP Jannero Peter
Batting: RHB Walter Muller 0-0: Ball
1-0: Ball
2-0: Foul Ball, location: 2F
2-1: Fly out, F8 (Flyball, 8RM, EV 75.0 MPH)
Batting: LHB Amonte Raper 0-0: Swinging Strike
0-1: Ball
1-1: Foul Ball, location: 2F
1-2: Strikes out swinging
Batting: RHB Joseph Flynn 0-0: Ball
1-0: Ball
2-0: Ball
3-0: DOUBLE (Flyball, 78D, EV 94.4 MPH)
Batting: RHB Wellington Wingate 0-0: Foul Ball, location: 2F
0-1: Fly out, F9 (Flyball, 89M, EV 90.0 MPH)
Bottom of the 1st over - 0 runs, 1 hit, 0 errors, 1 left on base; Baltimore 0 - Philadelphia 0
TOP OF THE 2ND
Baltimore Bulldogs batting - Pitching for Philadelphia Freedom : RHP Tucker Key
Batting: LHB Owen Keimig 0-0: Ball
1-0: Foul Ball, location: 2F
1-1: Ground out 6-3 (Groundball, 56, EV 92.5 MPH)
Batting: RHB James Hylton 0-0: Ball
1-0: Ball
2-0: Called Strike
2-1: Ball
3-1: Base on Balls
Batting: RHB Stephen Cuff 0-0: Called Strike
James Hylton steals 2nd base
0-1: Fly out, F4 (Line Drive, 34D, EV 66.9 MPH)
Batting: LHB Justin Castiglioni 0-0: Called Strike
0-1: Ball
1-1: Foul Ball, location: 2F
1-2: Ball
2-2: SINGLE (Flyball, 7LS, EV 96.2 MPH)
James Hylton to third
Runner from 3rd tries for Home, SAFE, throw by LF to home
Batting: RHB Kyle Dodiry 0-0: Ball
Justin Castiglioni steals 2nd base
1-0: Ball
2-0: Ball
3-0: SINGLE (Line Drive, 8RS, EV 90.0 MPH)
Justin Castiglioni to third
Runner from 3rd tries for Home, SAFE, throw by CF to home
Kyle Dodiry to second
Batting: LHB Andy Wulfeck 0-0: Swinging Strike
0-1: Ball
1-1: Ball
2-1: Ball
3-1: Called Strike
3-2: Strikes out swinging
Top of the 2nd over - 2 runs, 2 hits, 0 errors, 1 left on base; Baltimore 2 - Philadelphia 0
BOTTOM OF THE 2ND
Philadelphia Freedom batting - Pitching for Baltimore Bulldogs : LHP Jannero Peter
Batting: RHB James Lester 0-0: Swinging Strike
0-1: Called Strike
0-2: Strikes out looking
Batting: RHB Phillip Cox 0-0: Ball
1-0: Ball
2-0: Foul Ball, location: 2F
2-1: Swinging Strike
2-2: Ground out 6-3 (Groundball, 6, EV 86.2 MPH)
Batting: RHB Garret Connors 0-0: Ball
1-0: Foul Ball, location: 2F
1-1: Fly out, F8 (Flyball, 8RM, EV 98.8 MPH)
Bottom of the 2nd over - 0 runs, 0 hits, 0 errors, 0 left on base; Baltimore 2 - Philadelphia 0
TOP OF THE 3RD
Baltimore Bulldogs batting - Pitching for Philadelphia Freedom : RHP Tucker Key
Batting: RHB Joseph Olsen 0-0: Ball
1-0: Ball
2-0: Ball
3-0: Base on Balls
Batting: LHB Grady Faulkner 0-0: Ball
Joseph Olsen steals 2nd base
1-0: Fly out, F9 (Flyball, 9D, EV 86.9 MPH)
Runner from 2nd tags up, SAFE at 3rd, no throw by RF
Batting: SHB Val Schmit 0-0: Foul Ball, location: 2F
0-1: Swinging Strike
0-2: Ball
1-2: Ball
2-2: Foul Ball, location: 2F
2-2: Strikes out looking
Batting: LHB Owen Keimig 0-0: Called Strike
0-1: Ball
1-1: SINGLE (Groundball, 56S, EV 68.8 MPH) (infield hit)
Joseph Olsen scores
Batting: RHB James Hylton 0-0: Foul Ball, location: 2F
0-1: Fly out, F6 (Line Drive, 6, EV 73.1 MPH)
Top of the 3rd over - 1 run, 1 hit, 0 errors, 1 left on base; Baltimore 3 - Philadelphia 0
BOTTOM OF THE 3RD
Philadelphia Freedom batting - Pitching for Baltimore Bulldogs : LHP Jannero Peter
Batting: LHB Marlon Johnson 0-0: Ball
1-0: Ball
2-0: Called Strike
2-1: Fly out, F8 (Flyball, 78D, EV 101.9 MPH)
Batting: RHB Josh Frost 0-0: Ground out 6-3 (Groundball, 6, EV 88.1 MPH)
Batting: RHB Walter Muller 0-0: Ball
1-0: Fly out, F7 (Line Drive, 78S, EV 91.9 MPH)
Bottom of the 3rd over - 0 runs, 0 hits, 0 errors, 0 left on base; Baltimore 3 - Philadelphia 0
TOP OF THE 4TH
Baltimore Bulldogs batting - Pitching for Philadelphia Freedom : RHP Tucker Key
Batting: RHB Stephen Cuff 0-0: Ball
1-0: Ground out U3 (Groundball, 34S, EV 68.8 MPH)
Batting: LHB Justin Castiglioni 0-0: Foul Ball, location: 2F
0-1: Called Strike
0-2: Ball
1-2: Strikes out swinging
Batting: RHB Kyle Dodiry 0-0: Foul Ball, location: 2F
0-1: Foul Ball, location: 2F
0-2: Ball
1-2: Fly out, F9 (Flyball, 9LM, EV 94.4 MPH)
Top of the 4th over - 0 runs, 0 hits, 0 errors, 0 left on base; Baltimore 3 - Philadelphia 0
BOTTOM OF THE 4TH
Philadelphia Freedom batting - Pitching for Baltimore Bulldogs : LHP Jannero Peter
Batting: LHB Amonte Raper 0-0: Ball
1-0: Ball
2-0: Called Strike
2-1: Ball
3-1: Ground out 6-3 (Groundball, 6, EV 80.6 MPH)
Batting: RHB Joseph Flynn 0-0: Ball
1-0: Ball
2-0: Foul Ball, location: 2F
2-1: Foul Ball, location: 2F
2-2: Fly out, F8 (Line Drive, 8LM, EV 96.2 MPH)
Batting: RHB Wellington Wingate 0-0: Ball
1-0: Ball
2-0: Ground out U3 (Groundball, 3L, EV 104.4 MPH)
Bottom of the 4th over - 0 runs, 0 hits, 0 errors, 0 left on base; Baltimore 3 - Philadelphia 0
TOP OF THE 5TH
Baltimore Bulldogs batting - Pitching for Philadelphia Freedom : RHP Tucker Key
Batting: LHB Andy Wulfeck 0-0: Ground out 6-3 (Groundball, 4M, EV 82.5 MPH)
Batting: RHB Joseph Olsen 0-0: Foul Ball, location: 2F
0-1: Ball
1-1: Ball
2-1: Ball
3-1: Swinging Strike
3-2: Strikes out swinging
Batting: LHB Grady Faulkner 0-0: Called Strike
0-1: Ball
1-1: Foul Ball, location: 2F
1-2: Ball
2-2: DOUBLE (Line Drive, 7LS, EV 90.0 MPH)
Batting: SHB Val Schmit 0-0: SINGLE (Line Drive, 9LS, EV 99.4 MPH)
Grady Faulkner to third
Batting: LHB Owen Keimig 0-0: Swinging Strike
0-1: Ball
1-1: Foul Ball, location: 2F
1-2: Foul Ball, location: 2F
1-2: Strikes out looking
Top of the 5th over - 0 runs, 2 hits, 0 errors, 2 left on base; Baltimore 3 - Philadelphia 0
BOTTOM OF THE 5TH
Philadelphia Freedom batting - Pitching for Baltimore Bulldogs : LHP Jannero Peter
Batting: RHB James Lester 0-0: Ball
1-0: Called Strike
1-1: Ball
2-1: Ball
3-1: Ground out 5-3 (Groundball, 56S, EV 84.4 MPH)
Batting: RHB Phillip Cox 0-0: Ball
1-0: Ball
2-0: Ground out 3-1 (Groundball, 34S, EV 73.8 MPH)
Batting: RHB Garret Connors 0-0: Ball
1-0: Foul Ball, location: 2F
1-1: Ball
2-1: Called Strike
2-2: Ball
3-2: Ground out 5-3 (Groundball, 5L, EV 80.0 MPH)
Bottom of the 5th over - 0 runs, 0 hits, 0 errors, 0 left on base; Baltimore 3 - Philadelphia 0
TOP OF THE 6TH
Baltimore Bulldogs batting - Pitching for Philadelphia Freedom : RHP Tucker Key
Batting: RHB James Hylton 0-0: Single, Error in OF, E9, batter to second base (Line Drive, 34D, EV 113.8 MPH)
Batting: RHB Stephen Cuff 0-0: Ball
James Hylton steals 3rd base
1-0: Ball
2-0: Called Strike
2-1: Ground out 5-3 (Groundball, 5S, EV 66.9 MPH)
Batting: LHB Justin Castiglioni 0-0: Fly out, F6 (Popup, 6M, EV 58.1 MPH)
Batting: RHB Kyle Dodiry 0-0: Ball
1-0: Called Strike
1-1: Ball
2-1: Foul Ball, location: 2F
2-2: Foul Ball, location: 2F
2-2: Strikes out swinging
Top of the 6th over - 0 runs, 1 hit, 1 error, 1 left on base; Baltimore 3 - Philadelphia 0
BOTTOM OF THE 6TH
Philadelphia Freedom batting - Pitching for Baltimore Bulldogs : LHP Jannero Peter
Batting: LHB Marlon Johnson 0-0: Ball
1-0: Ball
2-0: Foul Ball, location: 2F
2-1: Foul Ball, location: 2F
2-2: Strikes out looking
Batting: RHB Josh Frost 0-0: Foul Ball, location: 2F
0-1: Ball
1-1: Foul Ball, location: 2F
1-2: Foul Ball, location: 2F
1-2: Ball
2-2: Strikes out swinging
Batting: RHB Walter Muller 0-0: Ball
1-0: Foul Ball, location: 2F
1-1: Foul Ball, location: 2F
1-2: Strikes out swinging, 2-3 out at first.
Bottom of the 6th over - 0 runs, 0 hits, 0 errors, 0 left on base; Baltimore 3 - Philadelphia 0
TOP OF THE 7TH
Baltimore Bulldogs batting - Pitching for Philadelphia Freedom : RHP Tucker Key
Batting: LHB Andy Wulfeck 0-0: Foul Ball, location: 2F
0-1: Foul Ball, location: 2F
0-2: Foul Ball, location: 2F
0-2: Fly out, F8 (Line Drive, 8LM, EV 95.0 MPH)
Batting: RHB Joseph Olsen 0-0: Ball
1-0: Ball
2-0: Foul Ball, location: 2F
2-1: Called Strike
2-2: SINGLE (Line Drive, 34D, EV 95.0 MPH)
Pitching: RHP Levi Quinn
Batting: LHB Grady Faulkner 0-0: Ball
1-0: Ball
2-0: Called Strike
Joseph Olsen steals 2nd base
2-1: SINGLE (Flyball, 8LM, EV 91.9 MPH)
Joseph Olsen to third
Batting: SHB Val Schmit 0-0: Called Strike
0-1: Ball
1-1: Foul Ball, location: 2F
1-2: Foul Ball, location: 2F
1-2: Foul Ball, location: 2F
1-2: SINGLE (Line Drive, 7S, EV 104.4 MPH)
Joseph Olsen scores
Grady Faulkner to second
Batting: LHB Owen Keimig 0-0: Called Strike
0-1: Ball
1-1: Ball
2-1: SINGLE (Line Drive, 89M, EV 97.5 MPH)
Grady Faulkner to third
Val Schmit to second
Batting: RHB James Hylton 0-0: Ball
1-0: Fly out, F4 (Line Drive, 4, EV 70.0 MPH)
Batting: RHB Stephen Cuff 0-0: Ball
1-0: Foul Ball, location: 2F
1-1: Foul Ball, location: 2F
1-2: Ball
2-2: Ball
3-2: Fly out, F8 (Flyball, 8LM, EV 82.5 MPH)
Top of the 7th over - 1 run, 4 hits, 0 errors, 3 left on base; Baltimore 4 - Philadelphia 0
BOTTOM OF THE 7TH
Philadelphia Freedom batting - Pitching for Baltimore Bulldogs : LHP Jannero Peter
Now at 1B: Owen Keimig
Now at 2B: Peter Clothier
Batting: LHB Amonte Raper 0-0: Ball
1-0: Foul Ball, location: 2F
1-1: SINGLE (Flyball, 8LS, EV 95.0 MPH)
Batting: RHB Joseph Flynn 0-0: Ball
1-0: Ball
2-0: Foul Ball, location: 2F
2-1: Fielders Choice at 2nd, 6-4 (Groundball, 56D, EV 96.2 MPH)
Batting: RHB Wellington Wingate 0-0: Swinging Strike
0-1: Grounds into double play, 6-4-3 (Groundball, 6, EV 83.1 MPH)
Bottom of the 7th over - 0 runs, 1 hit, 0 errors, 0 left on base; Baltimore 4 - Philadelphia 0
TOP OF THE 8TH
Baltimore Bulldogs batting - Pitching for Philadelphia Freedom : RHP Levi Quinn
Batting: LHB Justin Castiglioni 0-0: Ball
1-0: Foul Ball, location: 2F
1-1: Ball
2-1: Ball
3-1: Swinging Strike
3-2: Strikes out swinging
Batting: RHB Kyle Dodiry 0-0: Called Strike
0-1: Swinging Strike
0-2: Strikes out swinging
Batting: LHB Andy Wulfeck 0-0: Ball
1-0: Foul Ball, location: 2F
1-1: Swinging Strike
1-2: Strikes out swinging
Top of the 8th over - 0 runs, 0 hits, 0 errors, 0 left on base; Baltimore 4 - Philadelphia 0
BOTTOM OF THE 8TH
Philadelphia Freedom batting - Pitching for Baltimore Bulldogs : LHP Jannero Peter
Now in LF: Justin Castiglioni
Now in RF: Ulisses Schnopp
Batting: RHB James Lester 0-0: Called Strike
0-1: Ball
1-1: Fly out, F8 (Line Drive, 8LM, EV 92.5 MPH)
Batting: RHB Phillip Cox 0-0: Ball
1-0: Ball
2-0: Called Strike
2-1: Ground out 6-3 (Groundball, 6, EV 105.0 MPH)
Batting: RHB Garret Connors 0-0: Ball
1-0: Foul Ball, location: 2F
1-1: Foul Ball, location: 2F
1-2: Strikes out swinging
Bottom of the 8th over - 0 runs, 0 hits, 0 errors, 0 left on base; Baltimore 4 - Philadelphia 0
TOP OF THE 9TH
Baltimore Bulldogs batting - Pitching for Philadelphia Freedom : RHP Levi Quinn
Pitching: RHP Turner Hicks
Batting: RHB Joseph Olsen 0-0: Called Strike
0-1: Ball
1-1: Ground out 6-3 (Groundball, 6, EV 92.5 MPH)
Batting: LHB Peter Clothier 0-0: Called Strike
0-1: Swinging Strike
0-2: Strikes out swinging
Batting: SHB Val Schmit 0-0: Ground out 5-3 (Groundball, 6, EV 103.8 MPH)
Top of the 9th over - 0 runs, 0 hits, 0 errors, 0 left on base; Baltimore 4 - Philadelphia 0
BOTTOM OF THE 9TH
Philadelphia Freedom batting - Pitching for Baltimore Bulldogs : LHP Jannero Peter
Batting: LHB Marlon Johnson 0-0: Ball
1-0: Called Strike
1-1: Ball
2-1: Swinging Strike
2-2: Strikes out swinging
Batting: RHB Josh Frost 0-0: Foul Ball, location: 2F
0-1: Fly out, F9 (Flyball, 9, EV 91.2 MPH)
Batting: RHB Walter Muller 0-0: Ball
1-0: Foul Ball, location: 2F
1-1: Foul Ball, location: 2F
1-2: Strikes out swinging
Bottom of the 9th over - 0 runs, 0 hits, 0 errors, 0 left on base; Baltimore 4 - Philadelphia 0
Thursday, May 9th , 2024 - OOTP Baseball 23.10 Build 110